 Dungeon Crawl Stone Soup version 0.21-a0-273-g0785366 (webtiles) character file.

466 RKaid the Slasher (level 6, -3/43 HPs)
             Began as a Vampire Chaos Knight on Sept 17, 2017.
             Slain by a two-headed ogre
             ... wielding a +0 giant club
              (9 damage)
             ... on level 5 of the Dungeon.
             The game lasted 00:12:25 (4117 turns).

RKaid the Slasher (Vampire Chaos Knight)            Turns: 4117, Time: 00:12:27

Health: -3/43      AC:  8    Str:  9    XL:     6   Next: 81%
Magic:  6/6        EV: 13    Int: 17    God:    Xom [....*.]
Gold:   148        SH:  0    Dex: 13    Spells: 5/5 levels left

rFire    . . .     SeeInvis +   a - +0 falchion (chaos)
rCold    . . .     Gourm    .   (no shield)
rNeg     + . .     Faith    .   b - +2 leather armour
rPois    .         Spirit   .   (no helmet)
rElec    .         Reflect  .   e - +1 cloak
rCorr    .         Harm     .   r - +0 pair of gloves
MR       +....                  (no boots)
Stlth    ++........             (no amulet)
HPRegen  0.14/turn              (no ring)
MPRegen  0.10/turn              (no ring)

@: no status effects
A: fangs 3, see invisible, frail 1, magic resistance 1, weak 1, unbreathing
a: Bat Form, Renounce Religion


You were on level 5 of the Dungeon.
You worshipped Xom.
You were a beloved toy of Xom.
You were not thirsty.

You visited 1 branch of the dungeon, and saw 5 of its levels.

You collected 148 gold pieces.

Inventory:

Hand Weapons
 a - a +0 falchion of chaos (weapon)
 m - a +0 great sword
   (You took it off an orc on level 3 of the Dungeon)
Missiles
 g - 19 sling bullets
Armour
 b - a +2 leather armour (worn)
 e - a +1 cloak (worn)
   (You found it on level 1 of the Dungeon)
 r - a +0 pair of gloves (worn)
   (You found it on level 4 of the Dungeon)
Wands
 C - a wand of clouds (8/9)
   (You found it on level 2 of the Dungeon)
Scrolls
 h - 3 scrolls of enchant armour
 i - a scroll of identify
 j - a scroll of teleportation
 n - a scroll of recharging
 p - a scroll of remove curse {unknown}
Potions
 c - 2 potions of heal wounds
 d - a potion of flight {unknown}
 f - 2 potions of mutation {unknown}
 k - 3 potions of haste
 l - 3 potions of brilliance {unknown}
 o - 4 potions of curing
 q - 21 potions of blood {@q1}
 s - a potion of agility {unknown}


   Skills:
 + Level 3.9 Fighting
 * Level 5.5 Long Blades
 - Level 0.7 Armour
 + Level 4.3 Dodging
 - Level 4.0 Stealth


You had 5 spell levels left.
You didn't know any spells.

Dungeon Overview and Level Annotations

Branches:
Dungeon (5/15)
 Temple: D:4-7

Altars:

Annotations:
D:3 Grinder
D:5 exclusion: 4 doors


Innate Abilities, Weirdness & Mutations

You have razor-sharp teeth.
You have supernaturally acute eyesight. (SInv)
You can survive without breathing.
You are frail. (-10% HP)
You are resistant to hostile enchantments. (MR+)
You are weak. (Str -2)


Message History

You barely miss the centaur. You hit the centaur.
You kill the centaur!
Things that are here:
a shortbow; 23 arrows A worm comes into view.
You see here a plate armour.
You hit the worm. You burn the worm. The worm bites you.
You hit the worm.
The worm appears confused.
You hit the worm. You hit the worm. You freeze the worm.
You kill the worm!
You see here a worm corpse.
You see here a plate armour.
s - a brown potion You open the door.
Marking area around the jelly as unsafe for travelling.
A jelly, a two-headed ogre, a troll and 2 giant lizards come into view.
The troll shouts!
The iguana hisses angrily.
The leopard gecko hisses angrily.
The two-headed ogre shouts in stereo!
You close the door.
Things that are here:
a shortbow; 23 arrows The leopard gecko hisses menacingly.
There is an open door here.
Evoke which item? (* to show all) (? for menu, Esc to quit)
Aiming: Cloud Cone
Press: ? - help, Dir - move target cursor, f - two-headed ogre
Aim: a two-headed ogre, wielding two giant clubs You create a blast of noxious fumes!
This wand has 8 charges left.
The two-headed ogre is engulfed in noxious fumes.
The two-headed ogre appears confused.
The two-headed ogre is engulfed in noxious fumes.
The two-headed ogre appears confused.
The two-headed ogre is engulfed in noxious fumes.
The two-headed ogre appears confused.
The two-headed ogre is engulfed in noxious fumes.
The two-headed ogre appears confused.
You hit the two-headed ogre.
The two-headed ogre is engulfed in noxious fumes.
You hit the two-headed ogre but do no damage.
You bite the two-headed ogre.
The two-headed ogre is engulfed in noxious fumes.
The two-headed ogre is engulfed in noxious fumes.
The two-headed ogre appears confused.
The two-headed ogre is engulfed in noxious fumes.
The two-headed ogre appears confused.
The two-headed ogre grins madly.
You hit the two-headed ogre.
The two-headed ogre flickers and vanishes for a moment.
You barely miss the two-headed ogre.
You strike the helpless two-headed ogre from behind!
You hit the two-headed ogre but do no damage.
The two-headed ogre is moving more slowly.
The two-headed ogre hits you with a giant club!
The two-headed ogre hits you with a giant club.
You hit the two-headed ogre. You burn the two-headed ogre.
The two-headed ogre stops moving altogether!
The helpless two-headed ogre fails to defend itself.
You hit the two-headed ogre but do no damage.
The two-headed ogre is poisoned.
The helpless two-headed ogre fails to defend itself.
You hit the two-headed ogre.
The two-headed ogre is showered with tiny particles of grit.
The helpless two-headed ogre fails to defend itself.
You hit the two-headed ogre.
The two-headed ogre looks as sick as possible!
The helpless two-headed ogre fails to defend itself.
You hit the two-headed ogre but do no damage.
The helpless two-headed ogre fails to defend itself.
You hit the two-headed ogre.
The two-headed ogre looks as sick as possible!
The two-headed ogre is no longer petrified.
You hit the two-headed ogre. You burn the two-headed ogre.
The two-headed ogre shouts, "What's happening?!"
You catch the helpless two-headed ogre completely off-guard!
You hit the two-headed ogre.
You catch the helpless two-headed ogre completely off-guard!
You hit the two-headed ogre. You burn the two-headed ogre.
You catch the helpless two-headed ogre completely off-guard!
You hit the two-headed ogre. You bite the two-headed ogre.
You strike the helpless two-headed ogre from behind!
You hit the two-headed ogre.
You bite the two-headed ogre, but do no damage.
You hit the two-headed ogre but do no damage.
The two-headed ogre barely misses you.
You riposte.
You catch the helpless two-headed ogre completely off-guard!
You hit the two-headed ogre.
The two-headed ogre looks as sick as possible!
You bite the two-headed ogre. The two-headed ogre misses you.
You hit the two-headed ogre but do no damage.
You hit the two-headed ogre.
The two-headed ogre seems less confused. x2
The two-headed ogre hits you with a giant club!!
* * * LOW HITPOINT WARNING * * *
Xom is amused.
The two-headed ogre closely misses you.
The two-headed ogre hits you with a giant club!
You die...
Xom is highly amused!

#...O.....l.#
#.#########.# #.# #.# #.#
#O##### #######'#######
#...O.# #.............#
#####.# #.............#
#.# #.............# #O#
#........@....# #.#
#........OO...# #T# #
#######'####### #.# #
#.....#.########## #l# .
+................# #.####
#.....#..........####.....
#.....#..........#......).
#######.)........#†.......
#..........#[.####..


You could see 2 two-headed ogres.

Vanquished Creatures
  An ogre (D:3)
  A phantom (D:4)
  A centaur (D:5)
  Jessica (D:2)
  A worker ant (D:4)
  A hound skeleton (D:3)
  6 adders
  3 worms
  3 dart slugs
  4 leopard geckos
  8 orcs
  2 giant cockroaches
  A giant cockroach (shapeshifter) (D:1)
  5 goblins
  7 hobgoblins
  7 jackals
  12 kobolds
  2 quokkas
  8 bats
  2 frilled lizards (D:1)
  A quokka zombie (D:5)
  8 rats
85 creatures vanquished.

Notes
Turn   | Place    | Note
-------+----------+-------------------------------------------
     0 | D:1      | RKaid the Vampire Chaos Knight began the quest for the Orb.
     0 | D:1      | Reached XP level 1. HP: 17/17 MP: 1/1
   115 | D:1      | Reached skill level 1 in Stealth
   289 | D:1      | Reached XP level 2. HP: 21/23 MP: 2/2
   848 | D:2      | Noticed Jessica
   862 | D:2      | XOM: potion effect (might)
   899 | D:2      | Reached XP level 3. HP: 22/28 MP: 3/3
   996 | D:1      | XOM: harmless Pois miscast
  1167 | D:2      | Reached skill level 2 in Stealth
  1266 | D:2      | XOM: smoke on damage
  1271 | D:2      | Reached skill level 3 in Fighting
  1271 | D:2      | Reached skill level 3 in Dodging
  1846 | D:2      | Killed Jessica
  1846 | D:2      | Reached skill level 3 in Stealth
  1846 | D:2      | Reached XP level 4. HP: 32/35 MP: 4/4
  1943 | D:3      | Noticed Grinder
  1958 | D:3      | XOM: potion effect (haste)
  2019 | D:3      | Noticed an ogre
  2276 | D:3      | Reached skill level 4 in Long Blades
  2413 | D:3      | Reached XP level 5. HP: 41/41 MP: 5/5
  2644 | D:3      | XOM: harmless Ice miscast
  2660 | D:3      | XOM: silly message
  2839 | D:3      | XOM: divination: detect creatures
  2887 | D:3      | XOM: 1-stop teleportation journey
  3096 | D:3      | Reached skill level 4 in Stealth
  3268 | D:3      | XOM: potion effect (agility)
  3269 | D:3      | XOM: confuse monster(s)
  3274 | D:3      | XOM: harmless Ice miscast
  3275 | D:3      | Killed an ogre
  3275 | D:3      | Reached XP level 6. HP: 38/47 MP: 6/6
  3276 | D:3      | XOM: harmless Pois miscast
  3500 | D:4      | Reached skill level 5 in Long Blades
  3500 | D:4      | Reached skill level 4 in Dodging
  3530 | D:4      | XOM: give mutations
  3530 | D:4      | Gained mutation: You are weak. (Str -2) [Xom's mischief]
  3530 | D:4      | Gained mutation: You are frail. (-10% HP) [Xom's mischief]
  3530 | D:4      | Gained mutation: You are resistant to hostile enchantments. (MR+) [Xom's mischief]
  3942 | D:5      | Entered Level 5 of the Dungeon
  4040 | D:5      | Noticed a troll
  4040 | D:5      | Noticed a two-headed ogre
  4117 | D:5      | HP: 6/43 [two-headed ogre/giant club (18)]
  4117 | D:5      | Slain by a two-headed ogre

Vault maps used:
D:1:      ncdulo_smallfort, serial_forest, infiniplex_forest_end_2,
          infiniplex_forest_clump_double, infiniplex_forest_end_2,
          infiniplex_forest_straight_4, infiniplex_forest_lined_3,
          infiniplex_forest_lined_corner, infiniplex_forest_clump_small,
          infiniplex_forest_lined_corner, infiniplex_forest_clump_large,
          feat_on_display
D:2:      first_bread, uniq_jessica
D:3:      uniq_grinder
D:5:      cheibrodos_barr_body

Skill      XL: |  1  2  3  4  5  6 |
---------------+-------------------+-----
Stealth        | 1 3 4 |  4.0
Fighting       | 3 |  3.9
Dodging        | 3 4 |  4.3
Long Blades    | 4 5 |  5.5
Armour         | |  0.7

Action                   |  1- 3 |  4- 6 || total
-------------------------+-------+-------++-------
Melee: Falchion          |   109 |   172 ||   281
       Bite              |     7 |    14 ||    21
 Abil: End Transformatio |     1 |     1 ||     2
       Bat Form          |     1 |     1 ||     2
Evoke: Wand              |       |     1 ||     1
  Use: Potion            |     9 |     3 ||    12
       Scroll            |       |    10 ||    10
 Stab: Sleeping          |     2 |     4 ||     6
       Confused          |       |     6 ||     6
       Petrified         |       |     5 ||     5
       Paralysed         |       |     2 ||     2
       Petrifying        |       |     1 ||     1
Armor: Leather armour    |    52 |    29 ||    81
Dodge: Dodged            |    68 |   101 ||   169
       Rpst.: Falchion   |    24 |    22 ||    46

Table legend:
 A = Spawn XP
 B = Non-spawn XP
 C = Spawn XP percentage of total XP
 D = Spawn monster count
 E = Non-spawn monster count
 F = Spawn count percentage of total count
 G = Total turns spent on level
                    A         B        C        D         E        F      G
               +---------+---------+-------+---------+---------+-------+---------
         Total |       0 |     667 |   0.0 |       0 |      85 |   0.0 |  4117
               +---------+---------+-------+---------+---------+-------+---------
           D:1 |       0 |      31 |   0.0 |       0 |      17 |   0.0 |  1116
           D:2 |       0 |     116 |   0.0 |       0 |      22 |   0.0 |  1173
           D:3 |       0 |     206 |   0.0 |       0 |      30 |   0.0 |   887
           D:4 |       0 |     185 |   0.0 |       0 |      12 |   0.0 |   766
           D:5 |       0 |     129 |   0.0 |       0 |       4 |   0.0 |   175
               +---------+---------+-------+---------+---------+-------+---------

Table legend:
 A = Turns spent in this place as a percentage of turns spent in the entire game.
 B = Non-inter-level travel turns spent in this place as a percentage of non-inter-level travel turns spent in the entire game.
 C = Inter-level travel turns spent in this place as a percentage of turns spent in this place.
 D = Turns resting spent in this place as a percentage of non-inter-level travel turns spent in this place.
 E = Turns spent auto-exploring this place as a percentage of non-inter-level travel turns spent in this place.
 F = Non-inter-level travel turns spent in this place divided by the number of levels of this place that you've seen.
                   A       B       C       D       E      F
               +-------+-------+-------+-------+-------+----------------------
         Total | 100.0 | 100.0 |   4.2 |  20.6 |  47.0 | 788.6
       Dungeon | 100.0 | 100.0 |   4.2 |  20.6 |  47.0 | 788.6
               +-------+-------+-------+-------+-------+----------------------

Table legend:
 A = Kills in this place as a percentage of kills in entire the game.
 B = Kills by you in this place as a percentage of kills by you in the entire game.
 C = Kills by friends in this place as a percentage of kills by friends in the entire game.
 D = Other kills in this place as a percentage of other kills in the entire game.
 E = Experience gained in this place as a percentage of experience gained in the entire game.
 F = Experience gained in this place divided by the number of levels of this place that you have seen.
                   A       B       C       D       E      F
               +-------+-------+-------+-------+-------+----------------------
         Total | 100.0 | 100.0 |   N/A |   N/A | 100.0 | 133.4
       Dungeon | 100.0 | 100.0 |   N/A |   N/A | 100.0 | 133.4
               +-------+-------+-------+-------+-------+----------------------
